 Dungeon Crawl Stone Soup version 0.23-a0-183-gf37f6fb (webtiles) character file.

75 mandick the Insei (level 4, -10/23 HPs)
             Began as a Vine Stalker Transmuter on Sept 22, 2018.
             Mangled by an ogre
             ... wielding a +0 giant club
              (12 damage)
             ... on level 3 of the Dungeon.
             The game lasted 00:05:50 (2076 turns).

mandick the Insei (Vine Stalker Transmuter)         Turns: 2076, Time: 00:05:51

Health: -10/23     AC:  2    Str: 14    XL:     4   Next: 31%
Magic:  0/8        EV: 12    Int: 13    God:
Gold:   96         SH:  0    Dex: 14    Spells: 4/7 levels left

rFire    . . .     SeeInvis .     - Unarmed
rCold    . . .     Gourm    .   (no shield)
rNeg     . . .     Faith    .   b - +0 robe
rPois    .         Spirit   +   (no helmet)
rElec    .         Reflect  .   (no cloak)
rCorr    .         Harm     .   (no gloves)
MR       .....                  (boots currently unavailable)
Stlth    +.........             (no amulet)
HPRegen  0.47/turn              (no ring)
MPRegen  0.11/turn              (no ring)

@: appendage (expiring), very slightly contaminated
A: fangs 2, talons 3, regeneration 1, magic shield, antimagic bite, no potion
heal 3, rot immunity
a: End Transformation


You were on level 3 of the Dungeon.
You were not hungry.
You had grown temporary talons.
You visited 1 branch of the dungeon, and saw 3 of its levels.

You collected 96 gold pieces.

Inventory:

Missiles
 a - 12 arrows
Armour
 b - a +0 robe (worn)
Scrolls
 c - a scroll of fear {unknown}
 e - 2 scrolls of remove curse {unknown}
 f - a scroll of random uselessness {unknown}
 g - a scroll of fog {unknown}
 h - 2 scrolls of teleportation {unknown}
 i - 3 scrolls of identify {unknown}
Potions
 j - a potion of cancellation {unknown}
 k - a potion of agility {unknown}
Comestibles
 d - 6 rations
 l - 2 chunks of flesh


   Skills:
 + Level 2.0 Fighting
 + Level 2.2 Dodging
 + Level 3.5 Unarmed Combat
 - Level 2.1 Spellcasting
 + Level 2.7 Transmutations


You had 4 spell levels left.
You knew the following spells:

 Your Spells              Type           Power        Failure   Level  Hunger
a - Beastly Appendage     Tmut           #.....       9%          1    ##.....
b - Sticks to Snakes      Tmut           #.......     13%         2    ###....

Your spell library contained the following spells:

 Spells                   Type           Power        Failure   Level  Hunger
 Spider Form              Tmut/Pois      #.........   41%         3    ####...
 Ice Form                 Ice/Tmut       #.......     82%         4    #####..
 Blade Hands              Tmut           #.........   93%         5    ######.


Dungeon Overview and Level Annotations

Branches:
Dungeon (3/15)

Altars:


Innate Abilities, Weirdness & Mutations

You have extremely sharp teeth.
Your natural rate of healing is unusually fast.
When hurt, damage is shared between your health and your magic reserves.
Your bite disrupts and absorbs the magic of your enemies.
Potions cannot restore your health.
You are immune to rotting.
You have claws for feet.


Message History

The ogre is moderately wounded.
The ogre hits you with a giant club!
You hit the ogre. Your bite misses the ogre.
The ogre is heavily wounded.
The ogre barely misses you.
You barely miss the ogre. You claw the ogre. You bite the ogre.
You drain its power.
You feel invigorated.
The ogre is severely wounded.
You hit the ogre. Your kick misses the ogre. You bite the ogre.
You drain its power.
The ogre is almost dead.
Your transformation is almost over.
The ogre hits you with a giant club!!
Ouch! That really hurt!
* * * LOW HITPOINT WARNING * * *
You hit the ogre but do no damage.
The ogre is almost dead.
The ogre hits you with a giant club!
Ouch! That really hurt!
You die...

##.... ## ....#
.# # ... #...#
.#.#
...##...##.#.#
##.b.........#
#............#
##..#.O......#.
.......@.......
.......<#......
.....>.........
.#..#..##....#.
#. #.. ....# ..
... .$.# . ....
#..# ..##. )##
... .. .


You could see an ogre and a bat.

Vanquished Creatures
  3 adders (D:2)
  4 worms (D:2)
  A dart slug (D:2)
  A leopard gecko (D:2)
  2 giant cockroaches
  2 goblins (D:1)
  7 jackals (D:2)
  7 kobolds
  A ball python (D:1)
  2 bats (D:1)
  4 frilled lizards
  2 rats (D:1)
36 creatures vanquished.

Notes
Turn   | Place    | Note
-------+----------+-------------------------------------------
     0 | D:1      | mandick the Vine Stalker Transmuter began the quest for the
                  | Orb.
     0 | D:1      | Reached XP level 1. HP: 9/9 MP: 4/4
     6 | D:1      | Noticed a water moccasin
     6 | D:1      | Noticed a lindwurm
     6 | D:1      | Noticed a wolf
     6 | D:1      | Noticed a rime drake
     6 | D:1      | Noticed a black bear
    59 | D:1      | Reached skill level 1 in Fighting
   461 | D:1      | Reached XP level 2. HP: 10/14 MP: 3/6
   977 | D:2      | Reached XP level 3. HP: 18/18 MP: 7/7
  1520 | D:2      | Gained mutation: Your natural rate of healing is unusually
                  | fast. [Vine Stalker growth]
  1520 | D:2      | Reached XP level 4. HP: 20/23 MP: 6/8
  1852 | D:2      | Learned a level 2 spell: Sticks to Snakes
  2067 | D:3      | Noticed an ogre
  2075 | D:3      | HP: 1/23 [ogre/giant club (17)]
  2076 | D:3      | Mangled by an ogre

Vault maps used:
D:1:      onia_arrival_zoo_common
D:3:      kennysheep_big_flooded_room,
          grunt_temple_overflow_lords_of_destruction, old_standard_altar

Skill      XL: |  1  2  3  4 |
---------------+-------------+-----
Fighting       | 1 2 |  2.0
Dodging        | 2 |  2.2
Unarmed Combat | |  3.5
Spellcasting   | |  2.1
Transmutations | |  2.7

Action                   |  1- 3 |  4- 6 || total
-------------------------+-------+-------++-------
Melee: Unarmed           |    90 |    44 ||   134
       Bite              |    25 |    12 ||    37
       Headbutt          |     7 |     3 ||    10
       Kick              |     5 |     6 ||    11
       Punch             |     1 |     1 ||     2
 Cast: Beastly Appendage |    10 |     4 ||    14
  Eat: Chunk             |     1 |     3 ||     4
Armor: Robe              |    14 |     8 ||    22
Dodge: Dodged            |    56 |    30 ||    86

Table legend:
 A = Non-vault XP
 B = Vault XP
 C = Vault XP percentage of total XP
 D = Non-vault monster count
 E = Vault monster count
 F = Vault count percentage of total count
                 A         B        C        D         E       F
            +---------+---------+-------+---------+---------+-------
      Total |     108 |       0 |   0.0 |      36 |       0 |   0.0
            +---------+---------+-------+---------+---------+-------
        D:1 |      21 |       0 |   0.0 |      16 |       0 |   0.0
        D:2 |      87 |       0 |   0.0 |      20 |       0 |   0.0
            +---------+---------+-------+---------+---------+-------
